 Dungeon Crawl Stone Soup version 0.28-a0-987-g8383568036 (webtiles) character file.

Game seed: 12554439320348515605

18 Decritt the Skirmisher (level 2, 0/19 HPs)
             Began as a Gargoyle Fighter on Dec 4, 2021.
             Killed by nerve-wracking pain
             ... invoked by Jessica
              (5 damage)
             ... on level 2 of the Dungeon.
             The game lasted 00:01:13 (908 turns).

Decritt the Skirmisher (Gargoyle Fighter)            Turns: 908, Time: 00:01:13

Health: 0/19       AC: 12    Str: 19    XL:     2   Next: 66%
Magic:  2/2        EV:  9    Int:  8    God:
Gold:   29         SH:  4    Dex:  9    Spells: 1/1 levels left

rFire   . . .      SeeInvis .   a - +0 war axe
rCold   . . .      Faith    .   c - +0 buckler
rNeg    + . .      Spirit   .   b - +0 scale mail
rPois   ∞          Reflect  .   (no helmet)
rElec   +          Harm     .   k - +0 cloak
rCorr   .          Rampage  .   g - +0 pair of gloves
Will    .....                   (no boots)
Stlth   ..........              (no amulet)
HPRegen 0.06/turn               (no ring)
MPRegen 0.08/turn               (no ring)

@: no status effects
A: sickness immunity, AC +2, negative energy resistance 1, electricity
resistance, torment resistance 1, petrification resistance
a: no special abilities


You were on level 2 of the Dungeon.
You visited 1 branch of the dungeon, and saw 2 of its levels.

You collected 29 gold pieces.

Inventory:

Hand Weapons
 a - a +0 war axe (weapon)
Armour
 b - a +0 scale mail (worn)
 c - a +0 buckler (worn)
 g - a +0 pair of gloves (worn)
 k - a +0 cloak (worn)
Scrolls
 e - a scroll of teleportation {unknown}
 f - 6 scrolls of identify {unknown}
 h - a scroll of amnesia {unknown}
 j - a scroll of fear {unknown}
Potions
 d - a potion of might
 i - a potion of mutation {unknown}


   Skills:
 * Level 3.6 Fighting
 * Level 2.1 Axes
 + Level 3.5 Armour
 + Level 3.4 Shields


You had one spell level left.
You didn't know any spells.
Your spell library was empty.

Dungeon Overview and Level Annotations

Branches:
Dungeon (2/15)

Altars:

Annotations:
D:2 Jessica


Innate Abilities, Weirdness & Mutations

You are immune to sickness and miasma.
Your stone body is resilient. (AC +2)
You are immune to poison.
You resist negative energy. (rN+)
You are resistant to electric shocks. (rElec)
You are resistant to unholy torment.
You are immune to petrification.


Message History

* * * LOW HITPOINT WARNING * * *
You see here a scroll labelled IFAPHADGHAINA.
Jessica gestures at you while chanting.
You barely resist.
Found 9 gold pieces.
You barely miss Jessica.
Jessica is lightly wounded.
Jessica hits you with a +0 club.
* * * LOW HITPOINT WARNING * * *
You hit Jessica.
Jessica is moderately wounded.
Jessica hits you but does no damage. Jessica barely misses you.
You barely miss Jessica.
Jessica is lightly wounded.
Jessica closely misses you.
You barely miss Jessica.
Jessica is lightly wounded.
Jessica hits you but does no damage.
Jessica mumbles something strange.
You block Jessica's attack.
You closely miss Jessica.
Jessica is lightly wounded.
Jessica barely misses you.
You hit Jessica but do no damage.
Jessica is lightly wounded.
Jessica gestures wildly while chanting.
Jessica blinks!
Jessica mumbles some strange words.
Jessica seems to speed up.
Jessica casts a spell.
Jessica blinks!
Unknown command.
You block Jessica's attack. Jessica barely misses you.
There is a stone staircase leading up here.
You are too injured to fight recklessly!
You closely miss Jessica. You block Jessica's attack.
Jessica casts a spell at you. Pain shoots through your body!
You die...

.# #.# #.# # ###
##.# #. ##.
.#...# #.
##.###.##.#
#####.#.#...?##.#
.......@@.#.....#
#########...##..#
#.....#..#
#.....#..#
#........#
#.....#.##
#.....#.#
#.#.###.# #. #.$


You could see Jessica (fast).

Vanquished Creatures
  A dart slug (D:1)
  2 ball pythons (D:1)
  3 goblins (D:1)
  2 hobgoblins (D:1)
  A bat (D:1)
  3 frilled lizards (D:1)
  A kobold (D:1)
  3 rats (D:1)
16 creatures vanquished.

Notes
Turn   | Place    | Note
-------+----------+-------------------------------------------
     0 | D:1      | Decritt the Gargoyle Fighter began the quest for the Orb.
     0 | D:1      | Reached XP level 1. HP: 14/14 MP: 1/1
   199 | D:1      | Reached XP level 2. HP: 16/19 MP: 2/2
   883 | D:2      | Noticed Jessica
   908 | D:2      | Killed from afar by Jessica

Illustrated notes

Levels and vault maps discovered:
D:1:      dpeg_arrival_rooms_with_view, layout_loops_ring
D:2:      layout_loops_ring, uniq_jessica

Skill      XL: |  1 |
---------------+----+-----
Axes           | 2 |  2.1
Fighting       | |  3.6
Armour         | |  3.5
Shields        | |  3.4

Action                   || total
-------------------------++-------
Melee: War axe           ||    50
Armor: Scale mail        ||    20
Dodge: Dodged            ||    26
Block: Buckler           ||    10

Table legend: (Time is in decaauts)
 A = Elapsed time spent in this place.
 B = Non-inter-level travel time spent in this place.
 C = Inter-level travel time spent in this place.
 D = Time resting spent in this place.
 E = Time spent auto-exploring this place.
 F = Levels seen in this place.
 G = Mean time per level.
                   A        B        C        D        E       F      G
               +--------+--------+--------+--------+--------+-----+--------+
         Total |    928 |    911 |     17 |      0 |    760 |   2 |  464.0 |
       Dungeon |    928 |    911 |     17 |      0 |    760 |   2 |  464.0 |
               +--------+--------+--------+--------+--------+-----+--------+

Top non-repeatable levels by time:
     D:1: 897 daAuts
     D:2: 30 daAuts
